AoeStats
← THAIR

Arena

508567065Analyzed
1v1 RM · 11d ago on Sep 23, 2026· 55m 52s· 2 players
Game mode
Random Map
Map size
Tiny (2 player)
Population
200
Speed
Normal
Resources
Standard
Victory
Conquest
Starting age
Dark Age
Ending age
Imperial Age
RankedLock teamsTeams togetherTeam positionsShared explorationLock speedFull tech treeHidden civsTurbo modeCheats
Victory
Defeat
🇺🇸 Danes · United States
447
+19
🇦🇷 Persians · Argentina
506
-19
THAIR
5:42 Loom
13:40 Feudal Age
14:07 Double-Bit Axe
14:59 Wheelbarrow
14:12 Town Watch
14:29 Horse Collar
16:12 Gold Mining
15:48 Man-at-Arms
16:15 Arson
17:31 Scale Mail Armor
21:05 Stone Mining
23:34 Castle Age
22:51 Forging
24:41 Hand Cart
25:01 Town Patrol
26:21 Gambesons
26:38 Squires
27:52 Bow Saw
27:43 Long Swordsman
29:04 Iron Casting
29:49 Heavy Plow
30:34 Stone Shaft Mining
30:35 Gold Shaft Mining
35:21 Imperial Age
35:50 Two-Handed Swordsman
37:52 Conscription
37:00 Elite Varangian Guard
38:40 Chain Mail Armor
39:52 Chemistry
39:26 Ballistics
40:48 Blast Furnace
40:19 Plate Mail Armor
40:43 Hoardings
42:20 Champion
46:44 Hamask
50:54 Elite Jomsviking
andresklix77
0:27 Loom
11:31 Feudal Age
12:50 Double-Bit Axe
16:30 Castle Age
16:57 Horse Collar
18:00 Scale Barding Armor
24:10 Crossbowman
25:17 Elite Skirmisher
26:23 Gold Mining
27:26 Padded Archer Armor
30:08 Thumb Ring
30:12 Fletching
32:29 Wheelbarrow
33:21 Loom
37:02 Imperial Age
35:25 Leather Archer Armor
36:00 Heavy Plow
37:53 Cavalier
43:41 Savar
46:46 Chain Barding Armor
46:39 Forging
46:50 Bow Saw
46:58 Hand Cart
47:43 Ring Archer Armor
47:22 Husbandry
48:58 Bodkin Arrow
51:19 Parthian Tactics
51:35 Plate Barding Armor
53:42 Pikeman
54:29 Scale Mail Armor
Connection lost

Rejoining the realm…

Still unreachable

The connection could not be restored.

Session expired

The server has moved on; the page needs a fresh start.